 Dungeon Crawl Stone Soup version 0.25-a0-100-g33052ceff8 (console) character file.

Game seed: 11842019974226305086, levelgen mode: deterministic

182 Kagalorn the Charmwright (level 5, -7/43 HPs)
             Began as a Gnoll Skald on Nov 15, 2019.
             Mangled by a gnoll
             ... wielding a cursed -1 halberd
              (10 damage)
             ... on level 3 of the Dungeon.
             The game lasted 00:06:57 (2243 turns).

Kagalorn the Charmwright (Gnoll Skald)              Turns: 2243, Time: 00:06:59

Health: -7/43      AC:  5    Str: 14    XL:     5   Next: 62%
Magic:  12/12      EV: 13    Int: 15    God:
Gold:   134        SH:  0    Dex: 15    Spells: 13/14 levels left

rFire    . . .     SeeInvis .   r - +0 war axe
rCold    . . .     Gourm    .   (no shield)
rNeg     . . .     Faith    .   g - +0 ring mail
rPois    .         Spirit   .   (no helmet)
rElec    .         Reflect  .   (no cloak)
rCorr    .         Harm     .   (no gloves)
MR       .....                  (no boots)
Stlth    +.........             (no amulet)
HPRegen  0.14/turn              (no ring)
MPRegen  0.13/turn              (no ring)

@: no status effects
A: distributed training, fangs 1, strong nose
a: no special abilities


You were on level 3 of the Dungeon.
You were hungry.

You visited 1 branch of the dungeon, and saw 4 of its levels.

You collected 134 gold pieces.

Inventory:

Hand Weapons
 a - a +0 hand axe
 m - a +0 hunting sling
 q - a +0 trident
 r - a +0 war axe (weapon)
Missiles
 b - 20 bolts
 e - 64 stones (quivered)
 f - 48 sling bullets
 j - 45 arrows
Armour
 g - a +0 ring mail (worn)
Jewellery
 k - an uncursed ring of ice {unknown}
 v - an uncursed ring of wizardry {unknown}
 x - a +5 ring of slaying {unknown}
Wands
 y - a wand of flame (24)
Scrolls
 c - a scroll of enchant armour {unknown}
 h - 2 scrolls of remove curse {unknown}
 i - 3 scrolls of teleportation {unknown}
 n - a scroll of blinking {unknown}
 o - a scroll of amnesia {unknown}
 s - a scroll of random uselessness {unknown}
 t - a scroll of fear {unknown}
 w - a scroll of noise {unknown}
Potions
 l - 2 potions of heal wounds {unknown}
 p - a potion of ambrosia {unknown}
 u - a potion of haste {unknown}
 A - 2 potions of lignification {unknown}
Comestibles
 d - 5 rations


   Skills:
 + Level 4.8 Fighting
 + Level 1.5 Short Blades
 + Level 1.5 Long Blades
 + Level 4.8 Axes
 + Level 1.5 Maces & Flails
 + Level 1.5 Polearms
 + Level 1.5 Staves
 + Level 1.5 Slings
 + Level 1.5 Bows
 + Level 1.5 Crossbows
 + Level 1.5 Throwing
 + Level 3.0 Armour
 + Level 4.8 Dodging
 + Level 1.5 Stealth
 + Level 1.5 Shields
 + Level 1.5 Unarmed Combat
 + Level 5.2 Spellcasting
 + Level 1.2 Conjurations
 + Level 1.2 Hexes
 + Level 5.5 Charms
 + Level 1.2 Summonings
 + Level 1.2 Necromancy
 + Level 1.2 Translocations
 + Level 1.2 Transmutations
 + Level 1.2 Fire Magic
 + Level 1.2 Ice Magic
 + Level 1.2 Air Magic
 + Level 1.2 Earth Magic
 + Level 1.2 Poison Magic
 + Level 1.7 Invocations
 + Level 1.5 Evocations


You had 13 spell levels left.
You knew the following spells:

 Your Spells              Type           Power        Failure   Level  Hunger
a - Infusion              Chrm           ###.         3%          1    None

Your spell library contained the following spells:

 Spells                   Type           Power        Failure   Level  Hunger
 Song of Slaying          Chrm           ###.....     4%          2    ##.....
 Shroud of Golubria       Chrm/Tloc      ##....       12%         2    ##.....
 Magic Dart               Conj           #...         19%         1    None
 Regeneration             Chrm/Necr      ##........   24%         3    ###....
 Spectral Weapon          Hex/Chrm       ##......     24%         3    ###....
 Blink                    Tloc           N/A          28%         2    ##.....
 Call Imp                 Summ           #.......     28%         2    ##.....
 Slow                     Hex            #.......     28%         2    ##.....
 Conjure Flame            Conj/Fire      #.......     50%         3    ###....
 Mephitic Cloud           Conj/Pois/Air  #.......     50%         3    ###....


Dungeon Overview and Level Annotations

Branches:
Dungeon (4/15)
 Temple: D:4-7

Altars:
Ru
Uskayaw


Innate Abilities, Weirdness & Mutations

Your experience applies equally to all skills.
You have very sharp teeth.
Your uncanny sense of smell can sniff out nearby items.


Message History

The gnoll hits you but does no damage. The gnoll misses you.
You barely miss the gnoll.
The gnoll is almost dead.
The gnoll hits you with a +0 spear.
The gnoll hits you from afar with a cursed -1 halberd.
The gnoll hits you with a +0 spear. x2
You hit the gnoll but do no damage. You bite the gnoll, but do no damage.
You hit the gnoll. You closely miss the gnoll.
The gnoll hits you with a cursed -1 halberd.
The gnoll barely misses you. x2; The gnoll hits you with a +0 spear.
* * * LOW HITPOINT WARNING * * *
The gnoll closely misses you.
You hit the gnoll.
The gnoll is moderately wounded.
You slash the gnoll! You hit the gnoll.
You kill the gnoll!
The gnoll closely misses you. The gnoll hits you with a +0 spear.
* * * LOW HITPOINT WARNING * * *
The gnoll hits you with a cursed -1 halberd!
You die...

#######.####........gg.g...##.#.#
#................#########.##g#.#
#.####..#####.##.# #.##.#.# #.#
#.#.......#.#########.##g#.#
#.####.#.......#.#.......#g##g#.#
#.#..........#...#.#####.#g##.#.#
#.#)##.#.........#.# #.#.##.#.#
#.#.<#.#.#.....gg#.# #.#g##.#.#
#.#..#.#.#.....)@#.# #.#....#.#
#.#.)#.#.#.#####.#.# #.######.#
#.####.#......<....# #......รท.#
#..............#.### ##########
#.####.#.#.[...#.#
######...#.....#.#
.........#.......#
########.#######.# ### ###


You could see 2 gnolls.

Vanquished Creatures
  Natasha (D:2)
  Terence (D:3)
  2 gnolls (D:3)
  4 adders
  A worm (D:3)
  2 leopard geckos
  6 orcs (D:3)
  6 giant cockroaches
  6 goblins
  8 hobgoblins
  4 jackals (D:3)
  10 kobolds
  A quokka (D:3)
  A ball python (D:1)
  6 bats
  4 frilled lizards
  7 rats
70 creatures vanquished.

Notes
Turn   | Place    | Note
-------+----------+-------------------------------------------
     0 | D:1      | Kagalorn the Gnoll Skald began the quest for the Orb.
     0 | D:1      | Reached XP level 1. HP: 20/20 MP: 6/6
   116 | D:1      | Reached XP level 2. HP: 22/26 MP: 7/7
   410 | D:1      | Reached XP level 3. HP: 27/31 MP: 9/9
   850 | D:2      | Noticed Natasha
   879 | D:2      | Killed Natasha
   879 | D:2      | Reached skill level 5 in Spellcasting
   879 | D:2      | Reached skill level 1 in Invocations
   934 | D:2      | Reached skill level 1 in Short Blades
   934 | D:2      | Reached skill level 1 in Long Blades
   934 | D:2      | Reached skill level 1 in Maces & Flails
   934 | D:2      | Reached skill level 1 in Polearms
   934 | D:2      | Reached skill level 1 in Staves
   934 | D:2      | Reached skill level 1 in Slings
   934 | D:2      | Reached skill level 1 in Bows
   934 | D:2      | Reached skill level 1 in Crossbows
   934 | D:2      | Reached skill level 1 in Throwing
   934 | D:2      | Reached skill level 1 in Stealth
   934 | D:2      | Reached skill level 1 in Shields
   934 | D:2      | Reached skill level 1 in Unarmed Combat
   934 | D:2      | Reached skill level 1 in Evocations
   989 | D:2      | Reached XP level 4. HP: 21/38 MP: 11/11
  1226 | D:2      | Found a sacrificial altar of Ru.
  1275 | D:2      | Found a hide-covered altar of Uskayaw.
  1390 | D:3      | Noticed Terence
  1399 | D:3      | Killed Terence
  1399 | D:3      | Reached skill level 1 in Conjurations
  1399 | D:3      | Reached skill level 1 in Hexes
  1399 | D:3      | Reached skill level 1 in Summonings
  1399 | D:3      | Reached skill level 1 in Necromancy
  1399 | D:3      | Reached skill level 1 in Translocations
  1399 | D:3      | Reached skill level 1 in Transmutations
  1399 | D:3      | Reached skill level 1 in Fire Magic
  1399 | D:3      | Reached skill level 1 in Ice Magic
  1399 | D:3      | Reached skill level 1 in Air Magic
  1399 | D:3      | Reached skill level 1 in Earth Magic
  1399 | D:3      | Reached skill level 1 in Poison Magic
  1538 | D:3      | Reached XP level 5. HP: 30/43 MP: 12/12
  1898 | D:3      | You fall into a shaft and drop 1 floor!
  2243 | D:3      | Mangled by a gnoll

Levels and vault maps discovered:
D:1:      dpeg_arrival_radiant, layout_loops_ring
D:2:      layout_rooms, overflow_temple_1_default, lemuel_doored_altar,
          uniq_natasha
D:3:      layout_basic, marbit_many_paths, nicolae_overflow_hidden_temple,
          uniq_terence
D:4:      layout_loops_ring, first_ration, serial_shops, kennysheep_little_box,
          minmay_fire_ice_demons, uniq_robin, uniq_pikel

Skill      XL: |  1  2  3  4  5 |
---------------+----------------+-----
Spellcasting   | 5 |  5.2
Invocations    | 1 |  1.7
Short Blades   | 1 |  1.5
Long Blades    | 1 |  1.5
Maces & Flails | 1 |  1.5
Polearms       | 1 |  1.5
Staves         | 1 |  1.5
Slings         | 1 |  1.5
Bows           | 1 |  1.5
Crossbows      | 1 |  1.5
Throwing       | 1 |  1.5
Stealth        | 1 |  1.5
Shields        | 1 |  1.5
Unarmed Combat | 1 |  1.5
Evocations     | 1 |  1.5
Conjurations   | 1 |  1.2
Hexes          | 1 |  1.2
Summonings     | 1 |  1.2
Necromancy     | 1 |  1.2
Translocations | 1 |  1.2
Transmutations | 1 |  1.2
Fire Magic     | 1 |  1.2
Ice Magic      | 1 |  1.2
Air Magic      | 1 |  1.2
Earth Magic    | 1 |  1.2
Poison Magic   | 1 |  1.2
Armour         | 3 |  3.0
Fighting       | |  4.8
Axes           | |  4.8
Dodging        | |  4.8
Charms         | |  5.5

Action                   |  1- 3 |  4- 6 || total
-------------------------+-------+-------++-------
Melee: Hand axe          |   123 |    48 ||   171
       Bite              |    11 |     8 ||    19
       War axe           |       |    45 ||    45
       Punch             |       |     1 ||     1
  Eat: Chunk             |       |     4 ||     4
Armor: Leather armour    |     9 |       ||     9
       Ring mail         |    17 |    31 ||    48
Dodge: Dodged            |    88 |    94 ||   182

Table legend:
 A = Non-vault XP
 B = Vault XP
 C = Vault XP percentage of total XP
 D = Non-vault monster count
 E = Vault monster count
 F = Vault count percentage of total count
                 A         B        C        D         E       F
            +---------+---------+-------+---------+---------+-------
      Total |     193 |      68 |  26.1 |      68 |       2 |   2.9
            +---------+---------+-------+---------+---------+-------
        D:1 |      35 |       0 |   0.0 |      22 |       0 |   0.0
        D:2 |      28 |      36 |  56.2 |      11 |       1 |   8.3
        D:3 |     115 |      32 |  21.8 |      33 |       1 |   2.9
        D:4 |      15 |       0 |   0.0 |       2 |       0 |   0.0
            +---------+---------+-------+---------+---------+-------
